 Dungeon Crawl Stone Soup version 0.28.0-43-g3370ac3207 (webtiles) character file.

Game seed: 9644325013469581404

3688 pkoi the Zephyrmancer (level 10, -4/56 HPs)
             Began as an Octopode Air Elementalist on Mar 17, 2022.
             Was an Initiate of Sif Muna.
             Slain by a hornet (9 damage)
             ... on level 8 of the Dungeon.
             The game lasted 00:12:57 (16192 turns).

pkoi the Zephyrmancer (Octopode Air Elementalist)  Turns: 16192, Time: 00:12:58

Health: -4/56      AC:  1    Str: 14    XL:     10   Next: 13%
Magic:  8/18       EV: 13    Int: 33    God:    Sif Muna [......]
Gold:   330        SH:  0    Dex: 18    Spells: 7/20 levels left

rFire   . . .      SeeInvis .   y - +9 hand axe of Articulation {drain, Will- Int+5}
rCold   . . .      Faith    .   (no shield)
rNeg    . . .      Spirit   .   (helmet restricted)
rPois   .          Reflect  .   (no amulet)
rElec   .          Harm     .   f - +6 ring of dexterity
rCorr   .          Rampage  .   c - ring of willpower
Will    .....                   u - +6 ring of strength
Stlth   +++.......              w - +6 ring of intelligence
HPRegen 0.18/turn               (no ring)
MPRegen 0.16/turn               (no ring)
                                (no ring)
                                (no ring)

@: lethally poisoned (-4 -> -8)
A: almost no armour, amphibious, 8 rings, camouflage 1, gelatinous body 1,
(nimble swimmer 1), tentacles
a: Renounce Religion


You were on level 8 of the Dungeon.
You worshipped Sif Muna.
Sif Muna was noncommittal.
You visited 2 branches of the dungeon, and saw 9 of its levels.

You collected 330 gold pieces.

Inventory:

Hand Weapons
 a - a +0 falchion
 g - a +0 short sword
 h - the +9 whip "Kona" {vorpal, *Corrode *Slow Str+7 SInv}
   (You found it on level 2 of the Dungeon)

   It inflicts extra damage upon your enemies.
   Str:       It affects your strength (+7).
   SInv:      It lets you see invisible.
   *Corrode:  It may corrode you when you take damage.
   *Slow:     It may slow you when you take damage.
 l - a +3 mace of protection
 p - a +1 whip of venom
 y - the +9 hand axe of Articulation (weapon) {drain, Will- Int+5}
   (You found it on level 8 of the Dungeon)

   A truly terrible weapon, it drains the life of any living foe it strikes.
   Int:       It affects your intelligence (+5).
   Will:      It decreases your willpower.
Armour
 t - an orb of light
Jewellery
 c - a ring of willpower (right tentacle)
 f - a +6 ring of dexterity (left tentacle)
 u - a +6 ring of strength (on tentacle)
 w - a +6 ring of intelligence (on tentacle)
 z - a ring of protection from cold
Wands
 j - a wand of charming (5)
 q - a wand of polymorph (6)
 s - a wand of iceblast (6)
Scrolls
 b - 2 scrolls of fog
 i - a scroll of blinking
 m - 2 scrolls of silence
 n - 7 scrolls of teleportation
 o - 3 scrolls of fear
 v - a scroll of enchant weapon
 A - a scroll of identify
Potions
 d - 3 potions of haste
 e - 3 potions of berserk rage
 k - 3 potions of curing
 r - a potion of heal wounds
 x - a potion of flight
 B - a potion of cancellation {unknown}


   Skills:
 - Level 2.0 Dodging
 - Level 2.6 Stealth
 + Level 5.9 Spellcasting
 + Level 3.8 Conjurations
 + Level 3.6 Hexes
 + Level 12.0 Air Magic


You had 7 spell levels left.
You knew the following spells:

 Your Spells              Type           Power      Damage    Failure   Level
a - Shock                 Conj/Air       100%       1d9       1%          1
b - Swiftness             Air            73%        N/A       1%          3
c - Airstrike             Air            36%        N/A       1%          4
d - Static Discharge      Conj/Air       58%        N/A       1%          2
e - Dazzling Flash        Conj/Hex       68%        N/A       2%          3

Your spell library contained the following spells:

 Spells                   Type           Power      Damage    Failure   Level
 Silence                  Hex/Air        28%        N/A       4%          5
 Agony                    Necr           9%         N/A       77%         5
 Summon Forest            Summ/Tloc      4%         N/A       77%         5
 Eringya's Noxious Bog    Tmut/Pois      4%         N/A       100%        6
 Summon Hydra             Summ           4%         N/A       100%        7


Dungeon Overview and Level Annotations

Branches:
Dungeon (8/15)             Temple (1/1) D:7
   Lair: D:8-11

Altars:
Ashenzari
Cheibriados
Dithmenos
Elyvilon
Fedhas
Gozag
Hepliaklqana
Kikubaaqudgha
Makhleb
Nemelex Xobeh
Okawaru
Qazlal
Ru
Sif Muna
Trog
Uskayaw
Vehumet
Wu Jian
Xom
Yredelemnul
Zin
The Shining One

Shops:
D:7 (

Annotations:
D:8 2 transporters, croobank's ghost, novice GnFE


Innate Abilities, Weirdness & Mutations

You cannot wear most types of armour.
You are amphibious.
You can wear up to eight rings at the same time.
Your skin changes colour to match your surroundings (Stealth+).
Your rubbery body absorbs attacks. (AC +1, EV +1)
((You are camouflaged when in or above water. (Stealth+)))
You have tentacles for arms and can constrict up to eight enemies at once.


Message History

The air twists around and strikes the killer bee zombie!!
The killer bee zombie is severely damaged.
The air twists around and strikes the killer bee zombie!!
You destroy the killer bee zombie!
Sif Muna accepts your kill.
There is a stone staircase leading up here.
You start resting.
Magic restored.
An orc warrior comes into view. It is wielding a +0 halberd.
Found 8 stones.
The air twists around and strikes the orc warrior.
The orc warrior shouts!
The orc warrior is moderately wounded.
A hornet comes into view.
A centaur zombie comes into view.
An orc wizard comes into view. It is wielding a +0 dagger.
An orc warrior comes into view. It is wielding a +0 long sword.
The air twists around and strikes the hornet!
The hornet buzzes angrily.
The hornet is moderately wounded.
The orc wizard shouts!
The air twists around and strikes the centaur zombie!
The centaur zombie is heavily damaged.
The centaur warrior shouts!
The centaur warrior shoots an arrow.
The arrow hits you!
* * * LOW HITPOINT WARNING * * *
The hornet stings you.
* * * LOW HITPOINT WARNING * * *
You feel yourself slow down.
You feel yourself speed up. The hornet stings you!
* * * LOW HITPOINT WARNING * * *
You are poisoned.
You suddenly lose the ability to move!
You can move again.
You feel sick.
You feel sick.
The centaur warrior shoots an arrow.
The arrow hits you!
* * * LOW HITPOINT WARNING * * *
The centaur warrior shoots an arrow.
The arrow misses you. The hornet stings you!
You die...

.c .## #..###...# ##.## B##.o:
#......### #<# u))c## #..##..#
#.# Q.## #......# #.# T## #
#.#..#...###### #.# .# ##.
#.#...........#########.## # (.
#.#....................... ##
oo#.#..#.....<..#########.## .###
Z#.#.....y@......### #.# #..###
o.#..#........#...#####.##
###..###y#...c..#................
..###..#.#..o...#######..........
....###..#.........#...#.........
......###...######...............
............# #............###
.........##.# #>.........)....
..........#.# #...............


You could see a centaur warrior, a hornet and an orc warrior.

Vanquished Creatures
  A troll (D:7)
  Grinder (D:6)
  A wraith (D:8)
  An acid dragon (D:8)
  2 water moccasins
  Duvessa (D:7)
  An orc warrior (D:8)
  2 ice beasts
  5 ogres
  A phantom (D:5)
  A kobold brigand (D:6)
  5 scorpions
  3 bullfrogs
  A water moccasin zombie (D:5)
  Dowan (D:7)
  4 killer bees (D:8)
  5 wights
  A howler monkey (D:7)
  A bullfrog zombie (D:5)
  A centaur zombie (D:6)
  4 hounds (D:5)
  2 jellies
  5 orc priests
  A bullfrog skeleton (D:5)
  4 iguanas
  3 orc wizards
  A killer bee zombie (D:8)
  A howler monkey zombie (D:6)
  2 howler monkey skeletons (D:7)
  9 adders
  A shadow imp (D:5)
  3 white imps
  An ufetubus (D:5)
  A worm (D:4)
  An adder skeleton (D:2)
  An adder zombie (D:5)
  2 dart slugs (D:1)
  18 orcs
  4 ball pythons
  4 bats
  4 endoplasms
  A giant cockroach (D:3)
  12 goblins
  9 hobgoblins
  2 jackals (D:5)
  9 kobolds
  A quokka (D:2)
  5 frilled lizards
  7 rats
157 creatures vanquished.

Notes
Turn   | Place    | Note
-------+----------+-------------------------------------------
     0 | D:1      | pkoi the Octopode Air Elementalist began the quest for the
                  | Orb.
     0 | D:1      | Reached XP level 1. HP: 11/11 MP: 3/3
    23 | D:1      | Found a faded altar of an unknown god.
   438 | D:1      | Reached XP level 2. HP: 17/17 MP: 3/5
  1034 | D:1      | Reached skill level 4 in Air Magic
  1118 | D:1      | Reached XP level 3. HP: 21/21 MP: 4/6
  1711 | D:2      | Learned a level 3 spell: Swiftness
  1758 | D:2      | Identified the +9 whip "Kona" {vorpal, *Corrode *Slow Str+7
                  | SInv}
  2063 | D:2      | Reached XP level 4. HP: 27/27 MP: 3/7
  2757 | D:3      | Reached skill level 5 in Air Magic
  3151 | D:3      | Reached XP level 5. HP: 31/31 MP: 2/8
  3305 | D:3      | Learned a level 4 spell: Airstrike
  4341 | D:4      | Reached skill level 6 in Air Magic
  4568 | D:4      | Reached XP level 6. HP: 36/36 MP: 3/9
  5707 | D:5      | Entered Level 5 of the Dungeon
  5737 | D:5      | Reached skill level 7 in Air Magic
  6429 | D:5      | Reached XP level 7. HP: 41/41 MP: 2/10
  6829 | D:5      | Reached skill level 8 in Air Magic
  7743 | D:5      | Reached skill level 9 in Air Magic
  8050 | D:5      | Reached XP level 8. HP: 46/46 MP: 3/11
  8992 | D:5      | Reached skill level 10 in Air Magic
 10030 | D:6      | Noticed Grinder
 10325 | D:6      | Killed Grinder
 10807 | D:6      | Reached skill level 11 in Air Magic
 10807 | D:6      | Reached XP level 9. HP: 51/51 MP: 5/14
 11133 | D:5      | Found an iron altar of Okawaru.
 12090 | D:6      | Learned a level 2 spell: Static Discharge
 12094 | D:6      | Learned a level 3 spell: Dazzling Flash
 12628 | D:7      | Reached skill level 1 in Hexes
 13173 | D:7      | Found Kifeegu's Antique Weapon Emporium.
 13285 | D:7      | Reached skill level 5 in Spellcasting
 13708 | D:7      | Noticed Dowan
 13710 | D:7      | Killed Dowan
 13710 | D:7      | Noticed Duvessa
 13714 | D:7      | Killed Duvessa
 13966 | D:7      | Found a staircase to the Ecumenical Temple.
 14016 | Temple   | Entered the Ecumenical Temple
 14210 | Temple   | Became a worshipper of Sif Muna the Loreminder
 14926 | D:8      | Identified the +9 hand axe of Articulation {drain, Will-
                  | Int+5}
 15292 | D:8      | Reached XP level 10. HP: 56/56 MP: 5/18
 15832 | D:8      | Noticed croobank's ghost (novice GnFE)
 15833 | D:8      | Identified the +5 dire flail of the Throat {venom, rCorr
                  | Dex+4}
 15839 | D:8      | Found a transporter.
 15883 | D:8      | Found a transporter.
 15913 | D:8      | Noticed a boulder beetle
 15913 | D:8      | Noticed a green ugly thing
 15913 | D:8      | Noticed a centaur warrior
 15913 | D:8      | Noticed a tengu warrior
 15913 | D:8      | Noticed a centaur warrior
 15979 | D:7      | Reached skill level 12 in Air Magic
 16190 | D:8      | Paralysed by a hornet for 1 turns
 16192 | D:8      | Slain by a hornet

Illustrated notes

Levels and vault maps discovered:
D:1:      minmay_arrival_wavy_path, layout_loops_ring,
          ebering_ecumenical_altar_rust, kennysheep_pointless_box
D:2:      layout_basic
D:3:      layout_rooms
D:4:      layout_gridville
D:5:      minmay_inner_zag, layout_layer_cave, nicolae_overflow_hidden_temple
D:6:      layout_loops_ring, minmay_misc_feat_chi, uniq_grinder
D:7:      layout_cave_pools, minmay_temple_entry_trees, serial_shops, shop,
          uniq_duvessa
D:8:      minmay_the_grid_triangle_9x9_recursive_2
          [minmay_the_grid_triangle_9x9_prize_insulated,
          minmay_the_grid_triangle_9x9_dagger,
          minmay_the_grid_triangle_9x9_cache,
          minmay_the_grid_triangle_9x9_warning], layout_rooms,
          gammafunk_ghost_smash
Temple:   minmay_crystal_snake_temple

Skill      XL: |  1  2  3  4  5  6  7  8  9 10 |
---------------+-------------------------------+-----
Air Magic      | 4 5 6 7 9 11 12 | 12.0
Spellcasting   | 3 5 |  5.9
Hexes          | 3 |  3.6
Conjurations   | 3 |  3.8
Dodging        | |  2.0
Stealth        | |  2.6

Action                   |  1- 3 |  4- 6 |  7- 9 | 10-12 || total
-------------------------+-------+-------+-------+-------++-------
Melee: Falchion          |     9 |       |       |       ||     9
       Constrict         |     2 |     2 |     4 |       ||     8
       Short sword       |     4 |       |       |       ||     4
       Whip              |     3 |    26 |    29 |       ||    58
       Tentacles         |     2 |     2 |     3 |     1 ||     8
       Hand axe          |       |       |       |     2 ||     2
 Cast: Shock             |    46 |   111 |    47 |       ||   204
       Airstrike         |       |       |    98 |    15 ||   113
Evoke: Wand              |       |       |     2 |       ||     2
  Use: Potion            |     1 |       |     1 |       ||     2
       Scroll            |       |    13 |     3 |       ||    16
 Stab: Sleeping          |       |     1 |       |       ||     1
Armor: Skin              |     3 |     1 |     2 |       ||     6
Dodge: Dodged            |     7 |    29 |    24 |     5 ||    65
